 Dungeon Crawl Stone Soup version 0.30-a0-575-g6f4a10e2d2 (webtiles) character file.

Game seed: 18171781005340477358

176 Bnni the Purveyor of Pain (level 5, -8/57 HPs)
             Began as a Demonspawn Necromancer on Dec 30, 2022.
             Was an Initiate of Kikubaaqudgha.
             Mangled by an ogre
             ... wielding a +0 giant club
              (17 damage)
             ... on level 4 of the Dungeon.
             The game lasted 00:05:08 (2838 turns).

Bnni the Purveyor of Pain (Demonspawn Necromancer)  Turns: 2838, Time: 00:05:08

Health: -8/57      AC: 22    Str:  8    XL:     5   Next: 30%
Magic:  1/9        EV: -1    Int: 25    God:    Kikubaaqudgha [......]
Gold:   123        SH:  5    Dex: 13    Spells: 2/10 levels left

rFire   . . .      SeeInvis .    h - +0 dagger
rCold   . . .      Faith    .    (no shield)
rNeg    . . .      Spirit   .    (body armour currently unavailable)
rPois   +          Reflect  +    (helmet currently unavailable)
rElec   .          Harm     .    (cloak currently unavailable)
rCorr   .          Rampage  .    (gloves currently unavailable)
Will    .....      NoTele   +    (boots currently unavailable)
Stlth   ++                       x - amulet of reflection
HPRegen 0.29/turn                q - +6 ring of intelligence
MPRegen 0.11/turn                (no ring)

@: tree-form, animating dead, constricted, invisible
A: stationary, stasis, torment immunity, boosted hp, ignite blood 1, powered by
pain 1, (demonic touch 1)
a: Renounce Religion


You were on level 4 of the Dungeon.
You worshipped Kikubaaqudgha.
Kikubaaqudgha was noncommittal.
You were a tree.
You visited 2 branches of the dungeon, and saw 5 of its levels.

You collected 123 gold pieces.

Inventory:

Hand Weapons
 f - a +0 sling of freezing
 h - a +0 dagger (weapon)
Missiles
 p - 6 poisoned darts
Armour
 a - a +0 robe (melded)
Jewellery
 q - a +6 ring of intelligence (left branch)
 x - an amulet of reflection (around neck)
Wands
 w - a wand of roots (7)
Scrolls
 c - a scroll of immolation {unknown}
 d - 2 scrolls of blinking {unknown}
 g - a scroll of amnesia {unknown}
 j - a scroll of enchant armour {unknown}
 l - 2 scrolls of teleportation {unknown}
 m - a scroll of vulnerability {unknown}
 o - a scroll of enchant weapon {unknown}
 r - a scroll of poison {unknown}
 t - 3 scrolls of summoning {unknown}
 u - a scroll of silence {unknown}
 y - a scroll of fear {unknown}
Potions
 e - a potion of heal wounds {unknown}
 i - 2 potions of resistance
 n - 3 potions of lignification
 s - 2 potions of curing
 v - a potion of brilliance
 z - a potion of haste {unknown}


   Skills:
 + Level 2.2 Fighting
 - Level 1.7 Dodging
 - Level 1.7 Stealth
 + Level 3.0 Spellcasting
 * Level 6.0 Necromancy


You had 2 spell levels left.
You knew the following spells:

 Your Spells              Type           Power      Damage    Failure   Level
a - Necrotise             Necr           100%       1d9       1%          1
c - Vampiric Draining     Necr           34%        2d8       2%          3
d - Animate Dead          Necr           34%        N/A       9%          4

Your spell library contained the following spells:

 Spells                   Type           Power      Damage    Failure   Level
 Beastly Appendage        Tmut           6%         N/A       10%         1
 Shock                    Conj/Air       12%        1d3       10%         1
 Wereblood                Tmut           3%         N/A       16%         2
 Agony                    Necr           34%        N/A       22%         5
 Spider Form              Tmut/Pois      3%         N/A       30%         3
 Swiftness                Air            3%         N/A       30%         3
 Airstrike                Air            1%         2d(1-17)  69%         4
 Blade Hands              Tmut           1%         N/A       95%         5
 Irradiate                Conj/Tmut      1%         3d12      95%         5
 Dragon Form              Tmut           1%         N/A       100%        7


Dungeon Overview and Level Annotations

Branches:
Dungeon (4/15)             Temple (1/1) D:4

Altars:
Dithmenos
Fedhas
Gozag
Hepliaklqana
Kikubaaqudgha
Nemelex Xobeh
Vehumet


Innate Abilities, Weirdness & Mutations

You are a tree.
Your roots penetrate the ground, keeping you stationary.
You cannot be teleported.
You are immune to unholy pain and torment.
Your maximum health is greatly increased.
Your equipment is partially melded.
Your demonic aura sometimes causes spilled blood to erupt in flames.
You sometimes gain a little power by taking damage.
((Your touch may inflict minor irresistible damage on your foes.))


Message History

You kill the hound!
Kikubaaqudgha accepts your kill.
You feel life coursing into your body.
The dead are walking!
The gnoll hits you from afar with a +0 spear.
* * * LOW HITPOINT WARNING * * *
The ball python completely misses you. The ball python constricts you.
* * * LOW HITPOINT WARNING * * *
Your Spellcasting skill increases to level 3!
Your Necromancy skill increases to level 6!
Casting: Vampiric Draining (dangerous; 2% risk of failure)
Confirm with . or Enter, or press ? or * to list all spells.
Aiming: Vampiric Draining (dangerous; 2% risk of failure)
Press: ? - help, Shift-Dir - straight line, f - ogre
Aim: an ogre, wielding a +0 giant club (unable to see you)
You draw life force from the ogre!
You feel life coursing into your body.
The gnoll hits you from afar with a +0 spear.
* * * LOW HITPOINT WARNING * * *
The ball python closely misses you. The ball python constricts you.
You block the ogre's attack.
Okay, then.
Aiming: Fastroot
Press: ? - help, Shift-Dir - straight line, f - gnoll, p - ogre
Aim: a gnoll, wielding a +0 spear (unable to see you)
Okay, then.
Hit: h) +0 dagger
Press: ? - help, Dir - move target, f/p - ogre
Aim: an ogre, wielding a +0 giant club (moderately wounded, unable to see you, about 23% to evade your +0 dagger)
Okay, then.
It was a potion of lignification.
You turn into a tree.
Your +0 robe melds into your body.
Your roots penetrate the ground.
Your hound zombie bites the ball python.
The ball python bites you but does no damage.
The ball python constricts you. The gnoll hits you but does no damage.
You hit the ogre.
The ogre is heavily wounded.
Your hound zombie bites the ball python.
The ball python bites your hound zombie.
The ball python constricts you. The ogre hits you with a +0 giant club!
You die...
Kikubaaqudgha rasps: "You have failed me!
Welcome... death!"

##.......##...#
#.......#...# ..
#.....>....# .).
##.........## #..#
#.....g...## #..#
#.........# #..#
...##......# #..#
## ..#
#......###..# .....
##.....g.O♣.#
....###........SZ.#
.................##
#................#
##....#..........#
##..##########..#
#.# ##.# ## #.# .#


You could see an ogre (unable to see you), a gnoll (unable to see you), a ball
python (unable to see you, ally target) and a friendly hound zombie.

Vanquished Creatures
  A hound (D:4)
  Jessica (D:3)
  2 gnolls (D:4)
  2 adders
  A worm (D:3)
  4 dart slugs
  4 orcs (D:3)
  9 bats
  2 endoplasms
  5 giant cockroaches
  2 goblins (D:1)
  6 hobgoblins
  3 jackals (D:2)
  5 kobolds
  3 quokkas
  6 ball pythons
  2 frilled lizards
  3 rats
61 creatures vanquished.

Vanquished Creatures (collateral kills)
  3 endoplasms
  A hobgoblin (D:1)
  A frilled lizard (D:1)
5 creatures vanquished.

Vanquished Creatures (others)
  A bat (D:3)
  A gnoll zombie (D:4)
2 creatures vanquished.

Grand Total: 68 creatures vanquished

Notes
Turn   | Place    | Note
-------+----------+-------------------------------------------
     0 | D:1      | Bnni the Demonspawn Necromancer began the quest for the
                  | Orb.
     0 | D:1      | Reached XP level 1. HP: 13/13 MP: 3/3
   118 | D:1      | Gained mutation: Your demonic aura sometimes causes spilled
                  | blood to erupt in flames. [demonic ancestry]
   118 | D:1      | Reached XP level 2. HP: 13/20 MP: 0/5
   497 | D:1      | Reached skill level 1 in Fighting
   672 | D:1      | Reached skill level 5 in Necromancy
   672 | D:1      | Reached XP level 3. HP: 18/26 MP: 1/6
   968 | D:2      | Learned a level 3 spell: Vampiric Draining
  1815 | D:3      | Gained mutation: You sometimes gain a little power by
                  | taking damage. [demonic ancestry]
  1815 | D:3      | Reached XP level 4. HP: 32/32 MP: 2/7
  1823 | D:3      | Identified the +1 ring mail "Bethe Muece" {rF+ Will- SInv}
  1995 | D:3      | Learned a level 4 spell: Animate Dead
  2108 | D:3      | Noticed Jessica
  2112 | D:3      | Killed Jessica
  2693 | D:4      | Found a staircase to the Ecumenical Temple.
  2726 | Temple   | Entered the Ecumenical Temple
  2766 | Temple   | Became a worshipper of Kikubaaqudgha
  2812 | D:4      | Noticed an ogre
  2817 | D:4      | Gained mutation: Your touch may inflict minor irresistible
                  | damage on your foes. [demonic ancestry]
  2817 | D:4      | Reached XP level 5. HP: 23/38 MP: 2/9
  2833 | D:4      | HP: 1/38 [hound (4)]
  2836 | D:4      | Reached skill level 6 in Necromancy
  2838 | D:4      | Mangled by an ogre

Illustrated notes

Levels and vault maps discovered:
D:1:      dpeg_arrival_round_b, layout_rooms, minmay_heptomino_l4
D:2:      layout_loops_ring
D:3:      layout_basic, serial_aquarium, aquarium_bridge_long_joined
          [aquarium_subvault_bridge, aquarium_subvault_window,
          aquarium_subvault_bridge, aquarium_subvault_wall,
          aquarium_subvault_wall, aquarium_subvault_wall], aquarium_window_2,
          aquarium_window_corridor_1, aquarium_view_2d, aquarium_view_2c,
          aquarium_pool_side, uniq_jessica
D:4:      layout_layer_cave, minmay_temple_entry_offerings,
          minmay_misc_feat_ornament
Temple:   regret_index_temple_mists

Skill      XL: |  1  2  3  4  5 |
---------------+----------------+-----
Fighting       | 1 2 |  2.2
Necromancy     | 5 6 |  6.0
Spellcasting   | 3 |  3.0
Dodging        | |  1.7
Stealth        | |  1.7

Action                   |  1- 3 |  4- 6 || total
-------------------------+-------+-------++-------
Melee: Unarmed           |    20 |       ||    20
       Dagger            |    63 |    57 ||   120
       Punch             |       |     1 ||     1
 Cast: Necrotise         |    50 |    20 ||    70
       Vampiric Draining |       |     7 ||     7
       Animate Dead      |       |     1 ||     1
  Use: Scroll            |       |     5 ||     5
       Potion            |       |     3 ||     3
 Stab: Distracted        |     1 |       ||     1
       Sleeping          |     6 |     1 ||     7
Armor: Robe              |    27 |    11 ||    38
       Skin              |       |     2 ||     2
Dodge: Dodged            |    60 |    50 ||   110
Block: Other             |       |    11 ||    11

Table legend: (Time is in decaauts)
 A = Elapsed time spent in this place.
 B = Non-inter-level travel time spent in this place.
 C = Inter-level travel time spent in this place.
 D = Time resting spent in this place.
 E = Time spent auto-exploring this place.
 F = Levels seen in this place.
 G = Mean time per level.
                   A        B        C        D        E       F      G
               +--------+--------+--------+--------+--------+-----+--------+
         Total |   2855 |   2812 |     43 |     66 |   2225 |   5 |  571.0 |
       Dungeon |   2786 |   2753 |     33 |     66 |   2197 |   4 |  696.5 |
        Temple |     68 |     58 |     10 |      0 |     28 |   1 |   68.0 |
               +--------+--------+--------+--------+--------+-----+--------+

Top non-repeatable levels by time:
     D:3: 961 daAuts
     D:2: 895 daAuts
     D:1: 833 daAuts
     D:4: 96 daAuts
  Temple: 68 daAuts
